 Dungeon Crawl Stone Soup version 0.23-a0-29-g1be82e5 (webtiles) character file.

2758 glosham the Cleaver (level 9, 0/79 HPs)
             Began as a Hill Orc Conjurer on Aug 3, 2018.
             Was an Elder of Okawaru.
             Killed from afar by an electric eel (9 damage)
             ... with a bolt of electricity
             ... on level 7 of the Dungeon.
             The game lasted 01:36:30 (4830 turns).

glosham the Cleaver (Hill Orc Conjurer)             Turns: 4830, Time: 01:36:30

Health: 0/79       AC:  9    Str: 14    XL:     9   Next: 69%
Magic:  9/11       EV: 13    Int: 15    God:    Okawaru [****..]
Gold:   345        SH:  0    Dex: 11    Spells: 10/11 levels left

rFire    . . .     SeeInvis .   a - +1 hunting sling (venom)
rCold    . . .     Gourm    .   (no shield)
rNeg     . . .     Faith    .   X - +1 ring mail {MR+}
rPois    .         Spirit   .   (no helmet)
rElec    .         Reflect  .   Y - +1 cloak (curse)
rCorr    .         Harm     .   (no gloves)
MR       +....                  (no boots)
Stlth    +.........             (no amulet)
HPRegen  0.23/turn              A - ring of wizardry
MPRegen  0.12/turn              t - ring of attention (curse)

@: heroism
A: no striking features
a: Heroism, Renounce Religion


You were on level 7 of the Dungeon.
You worshipped Okawaru.
Okawaru was greatly pleased with you.
You were not hungry.

You visited 1 branch of the dungeon, and saw 7 of its levels.

You collected 345 gold pieces.

Inventory:

Hand Weapons
 a - a +1 hunting sling of venom (weapon)
 b - a +0 war axe
 c - a +0 trident
 f - a +1 hand axe of flaming
 v - a +0 shortbow
 x - a cursed -1 battleaxe
Missiles
 d - 14 javelins
 g - 48 bolts
 i - 88 stones (quivered)
 l - 23 poisoned needles
 m - 13 tomahawks
 u - 4 sling bullets
 w - 93 arrows
Armour
 X - a +1 ring mail of magic resistance (worn)
 Y - a cursed +1 cloak (worn)
Jewellery
 t - a cursed ring of attention (right hand)
 A - a ring of wizardry (left hand)
Wands
 j - a wand of acid (1)
Scrolls
 n - 2 scrolls of fear
 r - 2 scrolls of teleportation
 y - 2 scrolls of blinking
Potions
 h - a potion of degeneration {unknown}
 k - 3 potions of might {unknown}
 o - 3 potions of curing
 p - a potion of lignification {unknown}
 q - a potion of brilliance {unknown}
 s - a potion of haste {unknown}
 z - a potion of heal wounds {unknown}
 B - a potion of mutation {unknown}
 D - a potion of ambrosia {unknown}
Comestibles
 e - 12 rations
 C - 3 chunks of flesh


   Skills:
 * Level 7.2(12.2) Fighting
 * Level 13.5(18.5) Axes
 - Level 2.1(7.1) Armour
 - Level 1.5(6.5) Dodging
 - Level 1.5(6.5) Stealth
 - Level 1.5 Spellcasting
 - Level 4.0 Conjurations
 - Level 3.0 Invocations


You had 10 spell levels left.
You knew the following spells:

 Your Spells              Type           Power        Failure   Level  Hunger
z - Magic Dart            Conj           ##..         3%          1    ##.....

Your spell library contained the following spells:

 Spells                   Type           Power        Failure   Level  Hunger
 Iskenderun's Mystic Bla  Conj           ##......     32%         4    #####..
 Fulminant Prism          Conj/Hex       #.........   56%         4    #####..
 Dazzling Spray           Conj/Hex       #.....       22%         3    ####...
 Force Lance              Conj/Tloc      #.......     56%         4    #####..
 Searing Ray              Conj           ##....       5%          2    ###....


Dungeon Overview and Level Annotations

Branches:
Dungeon (7/15)             Temple (0/1) D:5

Altars:
Ashenzari
Dithmenos
Makhleb
Nemelex Xobeh
Okawaru
Ru
Sif Muna
Uskayaw
Xom
Zin

Annotations:
D:3 2 transporters, melvinkitnick's ghost, amateur MiFi
D:6 dancing weapons behind a rock


Message History

You see here a puce potion.
D - a puce potion An electric eel comes into view.
Firing (i - inventory. (/) - cycle)
u - 5 sling bullets
Press: ? - help, Shift-Dir - straight line, f - electric eel
Aim: an electric eel (hasn't noticed you)
You shoot a sling bullet.
The sling bullet misses the electric eel.
You hear a splash.
Firing (i - inventory. (/) - cycle)
i - 90 stones
Press: ? - help, Shift-Dir - straight line, f/p - electric eel
Aim: an electric eel (water)
You shoot a stone. The stone hits the electric eel.
The electric eel is poisoned.
The electric eel is lightly wounded.
You hear a splash.
The electric eel shoots out a bolt of lightning at you!
The bolt of electricity misses you.
The electric eel shoots out a bolt of lightning at you!
The bolt of electricity hits you!
* * * LOW HITPOINT WARNING * * *
Firing (i - inventory. (/) - cycle)
i - 89 stones (quivered)
Press: ? - help, Shift-Dir - straight line, f/p - electric eel
Aim: an electric eel (water, lightly wounded, poisoned)
You shoot a stone. The stone hits the electric eel.
The electric eel looks as sick as possible!
The electric eel is moderately wounded.
You hear a splash.
The electric eel shoots out a bolt of lightning at you!
The bolt of electricity hits you!
* * * LOW HITPOINT WARNING * * *
Evoke which item? (* to show all) (? for menu, Esc to quit)
Aiming: Corrosive Bolt
Press: ? - help, Shift-Dir - straight line, f - you, p - electric eel
Okay, then.
Okay, then.
You gain the combat prowess of a mighty hero.
The electric eel shoots out a bolt of lightning at you!
The bolt of electricity hits you!
You die...

≈.≈ ♣≈.#
#.########.###
≈(≈♣♣♣≈≈# #.# #.#
≈.≈≈≈≈≈≈# #.# #.#
.....≈≈.# #.# #.#
≈.≈≈≈≈≈.####.# #..
≈.≈♣♣♣≈......# ###
♣≈..###.# #
≈≈♣♣♣≈≈####....
≈(;≈≈≈≈≈@..).....
≈.[.≈....#########
≈.≈≈≈≈≈≈.#
≈.≈♣♣♣≈..# ≈(≈
♣≈..# ≈≈ ♣≈≈.#
≈≈..# ≈.≈≈.#


You could see an electric eel.

Vanquished Creatures
  A two-headed ogre (D:4)
  Menkaure (D:4)
  Edmund (D:6)
  Purgy (D:3)
  An orc warrior (D:6)
  A sky beast (D:6)
  A centaur (D:5)
  A phantom (D:7)
  2 big kobolds (D:6)
  3 bullfrogs
  A scorpion (D:5)
  A howler monkey (D:5)
  3 electric eels (D:7)
  3 crimson imps (D:5)
  5 orc priests
  A bullfrog zombie (D:5)
  A jelly (D:6)
  A hound (D:6)
  2 bullfrog skeletons
  2 iguanas
  4 orc wizards
  7 worker ants
  6 adders
  A shadow imp (D:6)
  An adder zombie (D:6)
  An adder skeleton (D:5)
  3 worms
  A dart slug (D:1)
  3 leopard geckos
  27 orcs
  3 giant cockroaches
  4 goblins
  6 hobgoblins
  16 kobolds
  3 quokkas
  3 ball pythons
  5 bats
  4 frilled lizards
  A giant cockroach zombie (D:5)
  7 rats
139 creatures vanquished.

Notes
Turn   | Place    | Note
-------+----------+-------------------------------------------
     0 | D:1      | glosham the Hill Orc Conjurer began the quest for the Orb.
     0 | D:1      | Reached XP level 1. HP: 14/14 MP: 3/3
    78 | D:2      | Found an iron altar of Okawaru.
    84 | D:2      | Became a worshipper of Warmaster Okawaru
   123 | D:1      | Reached skill level 1 in Fighting
   174 | D:1      | Reached skill level 2 in Fighting
   174 | D:1      | Reached XP level 2. HP: 20/24 MP: 0/4
   519 | D:1      | Reached XP level 3. HP: 8/30 MP: 0/5
   641 | D:2      | Reached skill level 3 in Fighting
   884 | D:2      | Reached skill level 1 in Invocations
  1058 | D:2      | Reached skill level 1 in Armour
  1058 | D:2      | Reached XP level 4. HP: 37/39 MP: 0/6
  1263 | D:3      | Noticed Purgy
  1475 | D:3      | Killed Purgy
  1475 | D:3      | Reached * piety under Okawaru
  1475 | D:3      | Reached skill level 4 in Fighting
  1475 | D:3      | Reached skill level 2 in Armour
  1475 | D:3      | Reached skill level 2 in Invocations
  1475 | D:3      | Reached XP level 5. HP: 39/47 MP: 7/7
  1523 | D:3      | Reached skill level 5 in Fighting
  1523 | D:3      | Reached skill level 3 in Invocations
  1599 | D:3      | Reached skill level 1 in Axes
  1604 | D:3      | Reached XP level 6. HP: 56/56 MP: 4/8
  1712 | D:3      | Found a sparkling altar of Nemelex Xobeh.
  1732 | D:3      | Reached skill level 2 in Axes
  1905 | D:3      | Found a transporter.
  1905 | D:3      | Noticed melvinkitnick's ghost (amateur MiFi)
  1906 | D:3      | Found a transporter.
  1994 | D:3      | Found a sacrificial altar of Ru.
  2192 | D:4      | Reached skill level 3 in Axes
  2223 | D:4      | Reached skill level 4 in Axes
  2297 | D:4      | Reached ** piety under Okawaru
  2297 | D:4      | Reached skill level 5 in Axes
  2414 | D:4      | Reached XP level 7. HP: 43/61 MP: 9/9
  2489 | D:4      | Noticed Menkaure
  2501 | D:4      | Killed Menkaure
  2501 | D:4      | Reached skill level 6 in Axes
  2670 | D:4      | Noticed a two-headed ogre
  2677 | D:4      | HP: 3/61 [two-headed ogre/giant club (16)]
  2679 | D:4      | Killed a two-headed ogre
  2679 | D:4      | Reached *** piety under Okawaru
  2679 | D:4      | Reached skill level 10 in Axes
  2679 | D:4      | Reached XP level 8. HP: 4/68 MP: 7/10
  2700 | D:5      | Entered Level 5 of the Dungeon
  2796 | D:5      | Found a shattered altar of Ashenzari.
  2850 | D:5      | Reached skill level 11 in Axes
  3038 | D:5      | Found a burning altar of Makhleb.
  3039 | D:5      | Noticed a green death
  3044 | D:5      | Found a glowing silver altar of Zin.
  3044 | D:5      | Noticed an angel
  3058 | D:5      | Found a staircase to the Ecumenical Temple.
  3313 | D:5      | Found a shimmering altar of Xom.
  3348 | D:5      | Reached skill level 12 in Axes
  3348 | D:5      | Reached XP level 9. HP: 67/74 MP: 11/11
  3543 | D:6      | Found a hide-covered altar of Uskayaw.
  3543 | D:6      | Noticed a dagger
  3543 | D:6      | Noticed a dagger
  3951 | D:6      | Reached **** piety under Okawaru
  3996 | D:6      | Reached skill level 6 in Fighting
  3996 | D:6      | Reached skill level 13 in Axes
  4394 | D:6      | Found a shadowy altar of Dithmenos.
  4461 | D:6      | Noticed Edmund
  4487 | D:6      | Killed Edmund
  4631 | D:6      | Found a deep blue altar of Sif Muna.
  4806 | D:7      | Reached skill level 7 in Fighting
  4830 | D:7      | Killed from afar by an electric eel

Vault maps used:
D:1:      nicolae_arrival_memento_mori
D:2:      old_standard_altar, first_ration, minivault_5
D:3:      nemelex_xobeh_ov_fountains_minmay, overflow_temple_1_default,
          gammafunk_ghost_smash, uniq_purgy
D:4:      uniq_menkaure
D:5:      grunt_temple_overflow_order_and_chaos_2, led_xom_imps,
          overflow_temple_1_default, minmay_temple_entry_hall
D:6:      lemuel_crystal_altar, dancing_weapons_uskayaw, kennysheep_little_box,
          uniq_edmund
D:7:      serial_shops, nicolae_shop_waterfront, kennysheep_boxes

Skill      XL: |  1  2  3  4  5  6  7  8  9 |
---------------+----------------------------+-----
Fighting       | 2 3 4 5 7 |  7.2
Invocations    | 1 2 3 |  3.0
Armour         | 1 2 |  2.1
Axes           | 1 5 10 12 13 | 13.5
Dodging        | |  1.5
Stealth        | |  1.5
Spellcasting   | |  1.5
Conjurations   | |  4.0

Action                   |  1- 3 |  4- 6 |  7- 9 || total
-------------------------+-------+-------+-------++-------
Melee: Short sword       |    47 |       |       ||    47
       War axe           |       |    17 |   166 ||   183
 Fire: Hunting sling     |    53 |    91 |   115 ||   259
Throw: Javelin           |    11 |       |     4 ||    15
       Tomahawk          |       |       |     4 ||     4
 Cast: Magic Dart        |    42 |    17 |       ||    59
Invok: Heroism           |       |       |     4 ||     4
Evoke: Wand              |       |       |     3 ||     3
  Use: Scroll            |     3 |     6 |     2 ||    11
       Potion            |       |       |     3 ||     3
 Stab: Sleeping          |     1 |       |       ||     1
  Eat: Chunk             |     2 |     4 |     8 ||    14
Armor: Robe              |     3 |       |       ||     3
       Ring mail         |    27 |    12 |    57 ||    96
Dodge: Dodged            |    52 |    30 |    80 ||   162

Table legend:
 A = Spawn XP
 B = Non-spawn XP
 C = Spawn XP percentage of total XP
 D = Spawn monster count
 E = Non-spawn monster count
 F = Spawn count percentage of total count
 G = Total turns spent on level
                    A         B        C        D         E        F      G
               +---------+---------+-------+---------+---------+-------+---------
         Total |       0 |    3941 |   0.0 |       0 |     139 |   0.0 |  4830
               +---------+---------+-------+---------+---------+-------+---------
           D:1 |       0 |      33 |   0.0 |       0 |      21 |   0.0 |   546
           D:2 |       0 |      53 |   0.0 |       0 |      16 |   0.0 |   784
           D:3 |       0 |     312 |   0.0 |       0 |      25 |   0.0 |   848
           D:4 |       0 |    1377 |   0.0 |       0 |      15 |   0.0 |   579
           D:5 |       0 |     765 |   0.0 |       0 |      24 |   0.0 |   802
           D:6 |       0 |    1035 |   0.0 |       0 |      33 |   0.0 |  1165
           D:7 |       0 |     366 |   0.0 |       0 |       5 |   0.0 |   106
               +---------+---------+-------+---------+---------+-------+---------

Table legend:
 A = Turns spent in this place as a percentage of turns spent in the entire game.
 B = Non-inter-level travel turns spent in this place as a percentage of non-inter-level travel turns spent in the entire game.
 C = Inter-level travel turns spent in this place as a percentage of turns spent in this place.
 D = Turns resting spent in this place as a percentage of non-inter-level travel turns spent in this place.
 E = Turns spent auto-exploring this place as a percentage of non-inter-level travel turns spent in this place.
 F = Non-inter-level travel turns spent in this place divided by the number of levels of this place that you've seen.
                   A       B       C       D       E      F
               +-------+-------+-------+-------+-------+----------------------
         Total | 100.0 | 100.0 |  12.8 |   0.0 |   1.3 | 601.9
       Dungeon | 100.0 | 100.0 |  12.8 |   0.0 |   1.3 | 601.9
               +-------+-------+-------+-------+-------+----------------------

Table legend:
 A = Kills in this place as a percentage of kills in entire the game.
 B = Kills by you in this place as a percentage of kills by you in the entire game.
 C = Kills by friends in this place as a percentage of kills by friends in the entire game.
 D = Other kills in this place as a percentage of other kills in the entire game.
 E = Experience gained in this place as a percentage of experience gained in the entire game.
 F = Experience gained in this place divided by the number of levels of this place that you have seen.
                   A       B       C       D       E      F
               +-------+-------+-------+-------+-------+----------------------
         Total | 100.0 | 100.0 |   N/A |   N/A | 100.0 | 563.0
       Dungeon | 100.0 | 100.0 |   N/A |   N/A | 100.0 | 563.0
               +-------+-------+-------+-------+-------+----------------------

Vault maps used:
D:1:      nicolae_arrival_memento_mori
D:2:      old_standard_altar, first_ration, minivault_5
D:3:      nemelex_xobeh_ov_fountains_minmay, overflow_temple_1_default,
          gammafunk_ghost_smash, uniq_purgy
D:4:      uniq_menkaure
D:5:      grunt_temple_overflow_order_and_chaos_2, led_xom_imps,
          overflow_temple_1_default, minmay_temple_entry_hall
D:6:      lemuel_crystal_altar, dancing_weapons_uskayaw, kennysheep_little_box,
          uniq_edmund
D:7:      serial_shops, nicolae_shop_waterfront, kennysheep_boxes
